 Dungeon Crawl Stone Soup version 0.25-a0-251-g572059c536 (webtiles) character file.

Game seed: 7897931766660627363, levelgen mode: deterministic

20036 night the Thaumaturge (level 12, -3/74 HPs)
             Began as a Demonspawn Venom Mage on Dec 4, 2019.
             Was the Champion of Cheibriados.
             Slain by a seven-headed hydra (8 damage)
             ... on level 5 of the Lair of Beasts.
             The game lasted 01:05:00 (15192 turns).

night the Thaumaturge (Demonspawn Venom Mage)      Turns: 15192, Time: 01:05:02

Health: -3/74      AC:  9    Str: 34    XL:     12   Next: 41%
Magic:  0/26       EV: 13    Int: 31    God:    Cheibriados [******]
Gold:   942        SH:  0    Dex: 30    Spells: 8/31 levels left

rFire    . . .     SeeInvis .     - Unarmed
rCold    + . .     Gourm    .   (no shield)
rNeg     . . .     Faith    .   y - +3 ring mail of Jexecrao {rC+ Regen+ Int-3}
rPois    .         Spirit   +   (helmet restricted)
rElec    +         Reflect  .   (no cloak)
rCorr    .         Harm     .   (no gloves)
MR       +....                  P - +0 pair of boots
Stlth    +++.......             o - amulet of regeneration
HPRegen  1.02/turn              B - ring "Dusowuas" {rElec MR+}
MPRegen  0.40/turn              O - +4 ring of strength

@: mighty, very slow
A: horns 2, powered by pain 1, magic shield, magic regeneration, magic link,
sturdy frame 1
a: Bend Time, Temporal Distortion, Slouch, Step From Time, Renounce Religion


You were on level 5 of the Lair of Beasts.
You worshipped Cheibriados.
Cheibriados was exalted by your worship.
You were not hungry.

You visited 2 branches of the dungeon, and saw 15 of its levels.

You collected 942 gold pieces.

Inventory:

Hand Weapons
 V - a +3 shortbow of flaming
Missiles
 d - 13 silver javelins (quivered)
 f - 186 arrows
 k - 475 stones
 m - 158 bolts
 N - 12 boomerangs
Armour
 i - a +1 robe of resistance
 y - the +3 ring mail of Jexecrao (worn) {rC+ Regen+ Int-3}
   (You found it on level 4 of the Dungeon)

   It affects your intelligence (-3).
   It protects you from cold.
   It increases your rate of regeneration.
 P - a +0 pair of boots (worn)
 Z - the +1 robe of the Invisible Hand {Int+4}
   (You found it on level 4 of the Lair of Beasts)

   It affects your intelligence (+4).
Magical Staves
 S - an uncursed staff of conjuration
Jewellery
 e - an uncursed ring of resist corrosion
 o - an amulet of regeneration (around neck)
 q - an uncursed ring of flight
 z - an uncursed ring of positive energy
 B - the ring "Dusowuas" (left hand) {rElec MR+}
   (You found it on level 6 of the Dungeon)

   [ring of protection from magic]

   It insulates you from electricity.
   It affects your resistance to hostile enchantments.
 E - a +4 ring of dexterity
 M - an uncursed ring of stealth
 O - a +4 ring of strength (right hand)
 T - an uncursed ring of fire
 X - an uncursed ring of wizardry {unknown}
Wands
 A - a wand of polymorph (20)
 D - a wand of scattershot (3)
 I - a wand of acid (6)
 J - a wand of digging (5)
 Q - a wand of flame (19)
 R - a wand of paralysis (14)
Scrolls
 j - 2 scrolls of enchant weapon
 l - 3 scrolls of fear
 n - 5 scrolls of magic mapping
 s - 2 scrolls of fog
 t - 11 scrolls of teleportation
 u - a scroll of blinking
 v - 7 scrolls of remove curse
 x - 3 scrolls of enchant armour
 F - 3 scrolls of immolation
 H - a scroll of vulnerability
 L - 2 scrolls of amnesia
 U - a scroll of noise {unknown}
 W - a scroll of acquirement {unknown}
Potions
 a - 3 potions of heal wounds
 b - 4 potions of degeneration
 g - 4 potions of brilliance
 h - 4 potions of lignification
 p - 2 potions of ambrosia
 r - 4 potions of flight
 w - 8 potions of curing
 C - 2 potions of agility
 G - a potion of might
 K - a potion of mutation
Comestibles
 c - 19 rations
 Y - 5 chunks of flesh


   Skills:
 + Level 4.2 Bows
 - Level 1.7 Dodging
 - Level 1.7 Stealth
 + Level 9.4 Unarmed Combat
 + Level 10.0 Spellcasting
 + Level 4.5 Conjurations
 - Level 0.8 Transmutations
 - Level 3.8 Air Magic
 + Level 3.2 Earth Magic
 - Level 9.7 Poison Magic
 - Level 9.5 Invocations


You had 8 spell levels left.
You knew the following spells:

 Your Spells              Type           Power        Failure   Level  Hunger
a - Sting                 Tmut/Pois      ####         1%          1    None
b - Poisonous Vapours     Pois/Air       ######       1%          2    None
c - Mephitic Cloud        Conj/Pois/Air  ######..     1%          3    None
d - Olgreb's Toxic Radia  Pois           ######..     1%          4    None
f - Leda's Liquefaction   Hex/Erth       ####......   21%         4    None
g - Iron Shot             Conj/Erth      #####.....   77%         6    #####..
h - Ignite Poison         Fire/Tmut/Pois #####...     2%          3    None

Your spell library contained the following spells:

 Spells                   Type           Power        Failure   Level  Hunger
 Conjure Flame            Conj/Fire      ####....     4%          3    None
 Bolt of Magma            Conj/Fire/Erth ####......   36%         5    ###....
 Freezing Cloud           Conj/Ice/Air   ####......   88%         6    #####..
 Statue Form              Tmut/Erth      ####.....    95%         6    #####..
 Ring of Flames           Chrm/Fire      ###.......   100%        7    ######.
 Shatter                  Erth           #####.....   100%        9    #######


Dungeon Overview and Level Annotations

Branches:
Dungeon (10/15)            Temple (0/1) D:7            Lair (5/6) D:8
 Shoals (0/4) Lair:2       Spider (0/4) Lair:4          Orc (0/2) D:9
  Slime: Lair:5-6

Altars:
Cheibriados
Kikubaaqudgha
Nemelex Xobeh
Okawaru
Ru
Xom
Yredelemnul
The Shining One
Beogh

Shops:
D:6 (   D:9 *

Annotations:
D:6 3 runed translucent doors, iamserjio's ghost, novice OpWn
D:10 3 runed translucent doors, MisterFreud's ghost, novice GnIE; floatRand's ghost, novice DsGl
Lair:3 2 transporters


Innate Abilities, Weirdness & Mutations

You have a pair of horns on your head.
You sometimes gain a little power by taking damage.
When hurt, damage is shared between your health and your magic reserves.
You regenerate magic rapidly.
When low on magic, you restore magic in place of health.
Your movements are slightly less encumbered by armour. (ER -2)


Message History

The seven-headed hydra closely misses you.
The seven-headed hydra bites you!
Casting: Sting (safe; 1% risk of failure)
Confirm with . or Enter, or press ? or * to list all spells.
Aiming: Sting (safe; 1% risk of failure)
Press: ? - help, Shift-Dir - straight line, f/p - seven-headed hydra
Aim: a seven-headed hydra (flame, heavily wounded, poisoned)
The sting hits the seven-headed hydra.
The seven-headed hydra looks even sicker.
The seven-headed hydra is heavily wounded.
The seven-headed hydra is engulfed in blazing flames.
The seven-headed hydra bites you.
* * * LOW HITPOINT WARNING * * *
The seven-headed hydra bites you.
* * * LOW HITPOINT WARNING * * *
The seven-headed hydra bites you!
* * * LOW HITPOINT WARNING * * *
The seven-headed hydra bites you but does no damage. x2
The seven-headed hydra bites you!
You die...

.[.... # .......##P ..
.......... ...
......☼☼☼##### ..
......°☼°....## .##
.....○○○○.....##..##
.....○°D...........###
.....○☼.@............#
........###.#........P
........##
##.#......). ........#
###.....#... ...^....
##.....##.... ..
......## #.....## ...
... #...#. ###..###.#
.. .>.# ##.#.###...#.#
## ...####...#.....##


You could see a seven-headed hydra.

Vanquished Creatures
  A catoblepas (Lair:4)
  Erica (Lair:2)
  3 two-headed ogres
  A manticore (Lair:2)
  2 black mambas
  Psyche (D:8)
  2 torpor snails
  4 spiny frogs
  A komodo dragon (Lair:2)
  4 rime drakes
  4 polar bears
  5 dream sheep (Lair:2)
  4 hippogriffs
  28 yaks
  Sigmund (D:4)
  Eustachio (D:5)
  A hungry ghost (D:7)
  A basilisk (Lair:2)
  Menkaure (D:4)
  6 porcupines
  4 water moccasins
  3 orc warriors
  A sky beast (D:6)
  2 black bears
  A phantom (D:6)
  An eye of draining (D:10)
  7 ogres
  3 wolves (Lair:4)
  A crocodile (Lair:3)
  A centaur (D:5)
  A big kobold (D:10)
  11 bullfrogs
  A gnoll sergeant (D:6)
  5 scorpions
  5 killer bees (D:7)
  An electric eel (Lair:4)
  3 crimson imps
  A bullfrog zombie (D:5)
  6 hounds
  A jelly (D:5)
  2 orc wizards (D:8)
  4 orc priests
  2 iguanas
  Natasha (thrice) (D:4)
  9 worker ants
  A killer bee zombie (D:6)
  2 hound zombies
  2 hound skeletons (D:5)
  2 howler monkey zombies
  7 gnolls
  11 adders
  2 oozes
  An adder zombie (D:5)
  2 adder skeletons
  3 worms
  3 dart slugs
  2 leopard geckos
  52 orcs
  8 bats
  6 giant cockroaches
  6 hobgoblins
  2 jackals (D:4)
  14 kobolds
  2 quokkas
  3 ball pythons
  5 frilled lizards
  9 goblins
  2 jackal zombies
  A quokka skeleton (D:4)
  11 rats
  A fungus (Lair:2)
311 creatures vanquished.

Vanquished Creatures (others)
  3 withered plants (D:10)
3 creatures vanquished.

Grand Total: 314 creatures vanquished

Notes
Turn   | Place    | Note
-------+----------+-------------------------------------------
     0 | D:1      | night the Demonspawn Venom Mage began the quest for the
                  | Orb.
     0 | D:1      | Reached XP level 1. HP: 13/13 MP: 3/3
   402 | D:1      | Gained mutation: You have a pair of small horns on your
                  | head. [demonic ancestry]
   402 | D:1      | Reached XP level 2. HP: 19/19 MP: 3/5
  1077 | D:1      | Gained mutation: You have a pair of horns on your head.
                  | [demonic ancestry]
  1077 | D:1      | Reached XP level 3. HP: 24/24 MP: 5/7
  1141 | D:1      | Learned a level 3 spell: Mephitic Cloud
  1145 | D:1      | Learned a level 3 spell: Ignite Poison
  1582 | D:2      | Reached skill level 3 in Spellcasting
  1772 | D:2      | Reached XP level 4. HP: 30/30 MP: 4/8
  1822 | D:2      | Found a basalt altar of Yredelemnul.
  1822 | D:2      | Found a snail-covered altar of Cheibriados.
  1829 | D:2      | Became a worshipper of Cheibriados the Contemplative
  2530 | D:2      | Learned a level 2 spell: Poisonous Vapours
  2974 | D:3      | Reached skill level 1 in Unarmed Combat
  2974 | D:3      | Gained mutation: Your movements are slightly less
                  | encumbered by armour. (ER -2) [demonic ancestry]
  2974 | D:3      | Reached XP level 5. HP: 32/35 MP: 1/10
  2978 | D:3      | Reached * piety under Cheibriados
  3082 | D:3      | Found a sparkling altar of Nemelex Xobeh.
  3264 | D:3      | Reached skill level 1 in Air Magic
  3536 | D:4      | Noticed Sigmund
  3536 | D:4      | Noticed an ogre
  3722 | D:4      | Noticed Menkaure
  3724 | D:4      | Killed Menkaure
  3724 | D:4      | Gained mutation: When hurt, damage is shared between your
                  | health and your magic reserves. [demonic ancestry]
  3724 | D:4      | Reached XP level 6. HP: 33/41 MP: 4/11
  3972 | D:4      | Reached skill level 4 in Spellcasting
  4043 | D:4      | Got a shimmering ring mail
  4060 | D:4      | Identified the +3 ring mail of Jexecrao {rC+ Regen+ Int-3}
                  | (You found it on level 4 of the Dungeon)
  4061 | D:4      | Noticed Natasha
  4081 | D:4      | Killed Natasha
  4128 | D:4      | Reached skill level 5 in Poison Magic
  4179 | D:4      | Found an ancient bone altar of Kikubaaqudgha.
  4215 | D:4      | Noticed Natasha
  4224 | D:4      | Killed Natasha
  4295 | D:4      | Killed Sigmund
  4295 | D:4      | Reached XP level 7. HP: 41/46 MP: 4/13
  4409 | D:4      | Reached ** piety under Cheibriados
  4671 | D:4      | Noticed Natasha
  4675 | D:4      | Killed Natasha
  4875 | D:5      | Entered Level 5 of the Dungeon
  4883 | D:5      | Noticed Eustachio
  4894 | D:5      | Killed Eustachio
  4894 | D:5      | Reached skill level 5 in Spellcasting
  5215 | D:4      | Reached XP level 8. HP: 43/52 MP: 10/15
  5450 | D:5      | Learned a level 4 spell: Olgreb's Toxic Radiance
  5766 | D:5      | Found a sacrificial altar of Ru.
  6321 | D:6      | Reached *** piety under Cheibriados
  6555 | D:6      | Reached skill level 6 in Spellcasting
  6555 | D:6      | Reached skill level 1 in Invocations
  6667 | D:6      | Found a shimmering altar of Xom.
  6679 | D:6      | Got a translucent tin ring
  6681 | D:6      | Identified the ring "Dusowuas" {rElec MR+} (You found it on
                  | level 6 of the Dungeon)
  6773 | D:6      | Reached skill level 5 in Unarmed Combat
  6917 | D:6      | Found a glowing golden altar of the Shining One.
  6968 | D:6      | Found a runed translucent gate.
  6968 | D:6      | Identified the +10 plate armour of Hautuit {rC+}
  6968 | D:6      | Noticed iamserjio's ghost (novice OpWn)
  6969 | D:6      | Found a runed translucent gate.
  6970 | D:6      | Found a runed translucent gate.
  6976 | D:6      | Found a roughly hewn altar of Beogh.
  7329 | D:6      | Found Quzaevyo's Weapon Emporium.
  7395 | D:6      | Gained mutation: You sometimes gain a little power by
                  | taking damage. [demonic ancestry]
  7395 | D:6      | Reached XP level 9. HP: 55/57 MP: 10/18
  7981 | D:7      | Found an iron altar of Okawaru.
  8402 | D:7      | Found a staircase to the Ecumenical Temple.
  8607 | D:8      | Noticed Psyche
  8616 | D:8      | Killed Psyche
  8757 | D:8      | Reached **** piety under Cheibriados
  8824 | D:8      | Reached skill level 7 in Spellcasting
  8879 | D:8      | Reached skill level 5 in Invocations
  9105 | D:8      | Found a staircase to the Lair.
  9652 | D:8      | Found a glowing golden altar of the Shining One.
  9652 | D:8      | Found a shimmering altar of Xom.
  9742 | D:9      | Found Siokost's Assorted Antiques.
  9903 | D:9      | Noticed a two-headed ogre
  9908 | D:9      | Killed a two-headed ogre
  9908 | D:9      | Reached XP level 10. HP: 63/63 MP: 7/21
 10207 | D:9      | Found a staircase to the Orcish Mines.
 10207 | D:9      | Noticed a two-headed ogre
 10212 | D:9      | Killed a two-headed ogre
 10212 | D:9      | Reached ***** piety under Cheibriados
 10456 | D:10     | Entered Level 10 of the Dungeon
 10500 | D:10     | Reached skill level 8 in Spellcasting
 10876 | D:10     | Identified the +10 plate armour of the Big Bang {rElec rF-
                  | MR+ Dex+3}
 10924 | D:10     | Noticed a two-headed ogre
 10931 | D:10     | Killed a two-headed ogre
 11088 | D:10     | Found a runed translucent gate.
 11089 | D:10     | Found a runed translucent gate.
 11089 | D:10     | Found a runed translucent gate.
 11090 | D:10     | Noticed floatRand's ghost (novice DsGl)
 11091 | D:10     | Noticed MisterFreud's ghost (novice GnIE)
 11238 | D:10     | Gained mutation: You regenerate magic rapidly. [demonic
                  | ancestry]
 11238 | D:10     | Reached XP level 11. HP: 68/68 MP: 11/23
 11682 | Lair:1   | Entered Level 1 of the Lair of Beasts
 11701 | Lair:1   | Reached ****** piety under Cheibriados
 11960 | Lair:1   | Reached skill level 1 in Conjurations
 11961 | Lair:1   | Found a snail-covered altar of Cheibriados.
 12171 | Lair:1   | Reached skill level 9 in Spellcasting
 12445 | Lair:2   | Reached skill level 1 in Bows
 12529 | Lair:2   | Got a polished morningstar
 12530 | Lair:2   | Identified the +6 morningstar of Watchfulness {pain, Str+5
                  | Dex-2} (You found it on level 2 of the Lair of Beasts)
 12653 | Lair:2   | Found a staircase to the Shoals.
 12965 | Lair:2   | Noticed Erica
 12973 | Lair:2   | Killed Erica
 12992 | Lair:2   | Learned a level 4 spell: Leda's Liquefaction
 13359 | Lair:3   | Found a transporter.
 13441 | Lair:3   | Reached skill level 1 in Earth Magic
 13515 | Lair:3   | Gained mutation: When low on magic, you restore magic in
                  | place of health. [demonic ancestry]
 13515 | Lair:3   | Reached XP level 12. HP: 32/74 MP: 12/25
 13673 | Lair:3   | Learned a level 6 spell: Iron Shot
 13730 | Lair:3   | HP: 3/74 [poisoned by a black mamba]
 13735 | Lair:3   | HP: 2/74 [poisoned by a black mamba]
 13740 | Lair:3   | HP: 2/74 [poisoned by a black mamba]
 13745 | Lair:3   | HP: 3/74 [poisoned by a black mamba]
 13961 | Lair:3   | Found a transporter.
 14408 | Lair:4   | Noticed a catoblepas
 14426 | Lair:4   | Got an ancient robe
 14437 | Lair:4   | Identified the cursed +1 robe of the Invisible Hand {Int+4}
                  | (You found it on level 4 of the Lair of Beasts)
 14490 | Lair:4   | Found a hole to the Spider Nest.
 14811 | Lair:4   | Killed a catoblepas
 14811 | Lair:4   | Reached skill level 10 in Spellcasting
 15185 | Lair:5   | Noticed a seven-headed hydra
 15192 | Lair:5   | Slain by a seven-headed hydra

Levels and vault maps discovered:
D:1:      dpeg_arrival_subterranean_lakeside_camping, layout_loops_ring
D:2:      layout_loops_cross, gammafunk_temple_overflow_pools
D:3:      layout_rooms, lemuel_doored_altar, first_ration
D:4:      layout_basic, kennysheep_mini, minmay_misc_feat_diagonals,
          kennysheep_decorative_pillar, minmay_joined_circles, uniq_sigmund,
          uniq_menkaure, uniq_natasha
D:5:      layout_cave_pools, nicolae_ru_the_path_less_chosen, uniq_eustachio
D:6:      layout_basic, basic_altar, biasface_ghost_orc_armoury, serial_shops,
          kennysheep_little_box, lemuel_statue_altar
D:7:      layout_loops_ring, okawaru_ov_weapons_minmay, minmay_temple_entry_tees
D:8:      layout_gridville, amethyst_overflow_temple_binary, dpeg_oklobed_lair,
          grunt_decor_cap, uniq_psyche
D:9:      layout_loops_cross, david_orc_2, serial_shops,
          nicolae_shop_window_shopping
D:10:     layout_loops_cross, special_room [special_room_orc],
          gammafunk_ghost_cemetery
Lair:1:   layout_cave_shapes, kennysheep_snail_temple
Lair:2:   layout_gridlike, minmay_shoals_entry_beasts, uniq_erica
Lair:3:   gammafunk_cloud_chamber, layout_chaotic_city
Lair:4:   layout_gridlike, dummy_spider_entry
Lair:5:   layout_cave_pods, slime_altar_1, guppyfry_lair_drakes

Skill      XL: |  1  2  3  4  5  6  7  8  9 10 11 12 |
---------------+-------------------------------------+-----
Spellcasting   | 3 4 5 6 7 8 9 10 | 10.0
Poison Magic   | 4 5 6 7 8 9 |  9.7
Unarmed Combat | 1 2 3 5 6 7 9 |  9.4
Air Magic      | 1 2 3 |  3.8
Invocations    | 3 6 8 9 |  9.5
Conjurations   | 3 4 |  4.5
Bows           | 3 4 |  4.2
Earth Magic    | 1 3 |  3.2
Dodging        | |  1.7
Stealth        | |  1.7
Transmutations | |  0.8

Action                   |  1- 3 |  4- 6 |  7- 9 | 10-12 || total
-------------------------+-------+-------+-------+-------++-------
Melee: Unarmed           |    21 |    20 |    89 |   170 ||   300
       Headbutt          |       |     1 |    23 |    61 ||    85
       Punch             |       |       |     2 |    16 ||    18
 Fire: Shortbow          |       |       |       |    22 ||    22
Throw: Javelin           |       |       |     1 |       ||     1
 Cast: Sting             |    60 |    78 |   106 |   101 ||   345
       Poisonous Vapours |       |    15 |    60 |    44 ||   119
       Mephitic Cloud    |       |     2 |    10 |    10 ||    22
       Ignite Poison     |       |     1 |     6 |    20 ||    27
       Olgreb's Toxic Ra |       |       |     9 |    37 ||    46
       Leda's Liquefacti |       |       |       |     5 ||     5
Invok: Slouch            |       |       |       |     1 ||     1
Evoke: Wand              |       |       |       |     2 ||     2
  Use: Scroll            |       |    10 |     6 |     9 ||    25
       Potion            |       |       |     2 |       ||     2
 Stab: Sleeping          |       |       |     1 |     1 ||     2
       Confused          |       |       |       |     3 ||     3
  Eat: Chunk             |     3 |     7 |     9 |     9 ||    28
Armor: Robe              |    23 |    16 |    40 |       ||    79
       Ring mail         |       |     2 |     5 |    57 ||    64
Dodge: Dodged            |    54 |    46 |   172 |   120 ||   392

Table legend:
 A = Non-vault XP
 B = Vault XP
 C = Vault XP percentage of total XP
 D = Non-vault monster count
 E = Vault monster count
 F = Vault count percentage of total count
                 A         B        C        D         E       F
            +---------+---------+-------+---------+---------+-------
      Total |   25026 |    3598 |  12.6 |     262 |      48 |  15.5
            +---------+---------+-------+---------+---------+-------
        D:1 |      41 |       8 |  16.3 |      25 |       6 |  19.4
        D:2 |      88 |       0 |   0.0 |      22 |       0 |   0.0
        D:3 |     114 |       0 |   0.0 |      15 |       0 |   0.0
        D:4 |     404 |     463 |  53.4 |      18 |       7 |  28.0
        D:5 |     465 |     202 |  30.3 |      21 |       1 |   4.5
        D:6 |    1054 |       0 |   0.0 |      21 |       0 |   0.0
        D:7 |     745 |       0 |   0.0 |       9 |       0 |   0.0
        D:8 |     860 |     448 |  34.3 |      18 |       1 |   5.3
        D:9 |    2411 |      15 |   0.6 |       9 |       5 |  35.7
       D:10 |    4927 |     355 |   6.7 |      47 |      24 |  33.8
     Lair:1 |    1816 |     424 |  18.9 |       7 |       1 |  12.5
     Lair:2 |    2963 |    1683 |  36.2 |      12 |       3 |  20.0
     Lair:3 |    3794 |       0 |   0.0 |      15 |       0 |   0.0
     Lair:4 |    5064 |       0 |   0.0 |      22 |       0 |   0.0
     Lair:5 |     280 |       0 |   0.0 |       1 |       0 |   0.0
            +---------+---------+-------+---------+---------+-------
